 Dungeon Crawl Stone Soup version 0.31-a0-986-g5e6e4ef867 (webtiles) character file.

Game seed: 10200709762502981371

142 Firecrotchwizard the Ruffian (level 5, -1/34 HPs)
             Began as an Octopode Shapeshifter on Nov 5, 2023.
             Killed from afar by an orc wizard (7 damage)
             ... with a magic dart
             ... on level 3 of the Dungeon.
             The game lasted 00:06:13 (2040 turns).

Firecrotchwizard the Ruffian (OpSh)                 Turns: 2040, Time: 00:06:14

Health: -1/34      AC:  1    Str: 14    XL:     5   Next: 24%
Magic:  5/5        EV: 13    Int: 12    God:
Gold:   85         SH:  0    Dex: 13    Spells: 4/4 levels left

rFire   . . .        h - +2 quarterstaff (speed)
rCold   . . .        (shield currently unavailable)
rNeg    . . .        (helmet currently unavailable)
rPois   .            e - amulet of the acrobat
rElec   .            (no ring)
rCorr   .            (no ring)
SInv    .            (no ring)
Will    .....        (no ring)
Stlth   ++           (no ring)
HPRegen 0.25/turn    (no ring)
MPRegen 0.09/turn    (no ring)
                     (no ring)

%: acrobat
@: confused, beast-form
A: beast (slay +1), almost no armour, amphibious, 8 rings, camouflage 1,
gelatinous body 1, (nimble swimmer 1), tentacles
a: Begin Untransformation


You were on level 3 of the Dungeon.
You were a hulking beast.
You visited 1 branch of the dungeon, and saw 3 of its levels.

You collected 85 gold pieces.

Inventory:

Hand Weapons
 h - a +2 quarterstaff of speed (weapon)
Jewellery
 e - an amulet of the acrobat (around mantle)
 j - a ring of fire
Talismans
 b - a beast talisman
 c - a flux talisman
Scrolls
 f - a scroll of fog {unknown}
 g - a scroll of identify {unknown}
 i - a scroll of poison {unknown}
 k - a scroll of teleportation {unknown}
 l - a scroll of fear {unknown}
 m - a scroll of blinking {unknown}
Potions
 a - a potion of lignification
 d - a potion of ambrosia {unknown}


   Skills:
 + Level 2.2 Fighting
 + Level 2.8 Dodging
 + Level 2.9 Stealth
 * Level 4.3 Unarmed Combat
 - Level 3.0 Shapeshifting


You had 4 spell levels left.
You didn't know any spells.
Your spell library contained the following spells:

 Spells                   Type           Power      Damage    Failure   Level
 Apportation              Tloc           0%         N/A       32%         1
 Necrotise                Necr           0%         1d4       32%         1
 Sandblast                Erth           0%         2d4       32%         1
 Summon Small Mammal      Summ           0%         N/A       32%         1
 Passwall                 Tmut/Erth      0%         N/A       45%         2
 Stone Arrow              Conj/Erth      0%         3d7       69%         3
 Brom's Barrelling Bould  Conj/Erth      0%         2d3       97%         4


Dungeon Overview and Level Annotations

Branches:
Dungeon (3/15)

Altars:

Shops:
D:1 *   D:3 =

Annotations:
D:3 exclusion: centaur


Innate Abilities, Weirdness & Mutations

You are a hulking beast.
Your limbs bulge with bestial killing power. (Slay +1)
You cannot wear most types of armour.
You are amphibious.
You can wear up to eight rings at the same time.
Your skin changes colour to match your surroundings (Stealth+).
Your rubbery body absorbs attacks. (AC +1, EV +1)
((You are camouflaged when in or above water. (Stealth+)))
You have tentacles for arms and can constrict up to eight enemies at once.


Message History

m - a scroll labelled YKEIPR VETHE
Found a dagger.
As you open the door, it creaks loudly!
There is an open door here.
There is an open door here.
Found Fazota's Jewellery Shoppe.
There is an entrance to Fazota's Jewellery Shoppe here.
You can access your shopping list by pressing '$'.
A worm comes into view.
You sock the worm! You grab the worm.
The worm is severely wounded.
You constrict the worm. The worm misses you.
You hit the worm. You tentacle-slap the worm.
You kill the worm!
No target in view!
Found a stone staircase leading up.
No target in view!
You pick up a book of Cantrips and begin reading...
You add the spells Necrotise, Summon Small Mammal and Apportation to your library.
Found a stone staircase leading down.
An endoplasm comes into view.
An endoplasm is nearby!
No target in view!
No target in view!
An endoplasm is nearby!
The endoplasm closely misses you.
You hit the endoplasm.
The endoplasm is almost dead.
The endoplasm freezes you.
You are frozen.
You thump the endoplasm!
You kill the endoplasm!
No target in view!
No target in view!
A goblin comes into view. It is wielding a +0 club.
The goblin shouts!
The goblin moves out of view.
No target in view!
No target in view!
An orc comes into view. It is wielding a +0 whip.
The goblin closely misses you.
The orc shouts!
You sock the goblin!
You kill the goblin!
You hear a shout! 2 orcs come into view.
You hit the orc. Your grab misses the orc.
The orc is moderately wounded.
An orc wizard comes into view. It is wielding a +1 dagger of speed.
The orc barely misses you.
The orc wizard shouts!
You hit the orc.
You kill the orc!
The orc wizard mumbles some strange words.
The orc wizard flickers and vanishes!
Deactivating autopickup; reactivate with Ctrl-A.
The orc closely misses you.
You hit the orc. You grab the orc. You squeeze the orc.
You kill the orc!
You thump the orc!
You kill the orc!
No target in view!
No target in view!
You barely miss something. You squeeze something.
You hear some strange, mumbled words.
You are confused.
You bump into the rock wall.
Something hits you.
You hear some strange, mumbled words.
You are more confused.
You closely miss something.
Unknown command.
You miss something. Something barely misses you. Something hits you.
You bump into the rock wall.
Something hits you.
You bump into the rock wall.
Something hits you. Something completely misses you.
You bump into the rock wall.
Something completely misses you.
You miss something. Something hits you. Something hits you.
* * * LOW HITPOINT WARNING * * *
You sock something! Your squeeze misses something. Something hits you.
* * * LOW HITPOINT WARNING * * *
You completely miss something. Something hits you.
* * * LOW HITPOINT WARNING * * *
You miss something. Something hits you.
* * * LOW HITPOINT WARNING * * *
Something hits you.
* * * LOW HITPOINT WARNING * * *
You barely miss something. Your squeeze misses something.
You hear some strange, mumbled words.
A magic dart appears from out of thin air!
The magic dart hits you!
You die...

.#.#.#.......#.#..............#
######.......+................#
#....#.......#.#.#.##...#..##.#
#.##.#.......#.#.#.##.###..##.#
#.#∩.#.......#.#.#.##.###..##.###
#.####..######.#.#...............
........# #.#.#......##.##.###
######..# #.#.#......##.##.#
##......# #.#h#......##.##.#
........# #{#......##.##.#
##.###.###### #).......##.##.#
............# #...##+####.##.#
.#.###.####.# #....)....##.##.#
.......... .............##.##.#
.#.....)................##..
........###.#..##...........
.#.##...# # #.# #.......##


There were no monsters in sight!

Vanquished Creatures
  7 adders
  2 worms
  2 dart slugs
  8 orcs (D:3)
  3 ball pythons
  4 endoplasms
  4 giant cockroaches
  10 goblins
  4 hobgoblins
  3 jackals (D:2)
  A kobold (D:2)
  2 quokkas
  4 bats
  2 frilled lizards
  5 rats
61 creatures vanquished.

Notes
Turn   | Place    | Note
-------+----------+-------------------------------------------
     0 | D:1      | Firecrotchwizard the Octopode Shapeshifter began the quest
                  | for the Orb.
     0 | D:1      | Reached XP level 1. HP: 13/13 MP: 1/1
   135 | D:1      | Reached XP level 2. HP: 18/18 MP: 2/2
   152 | D:1      | Reached skill level 1 in Stealth
   387 | D:1      | Reached XP level 3. HP: 23/23 MP: 3/3
   508 | D:1      | Found Ikaxt's General Store.
   625 | D:1      | Found a faded altar of an unknown god.
   879 | D:2      | Reached XP level 4. HP: 26/29 MP: 4/4
  1421 | D:3      | Noticed a centaur
  1503 | D:3      | Reached skill level 4 in Unarmed Combat
  1664 | D:3      | Identified the +6 long sword of Absolution {flame, Will+}
  1768 | D:3      | Reached XP level 5. HP: 31/34 MP: 5/5
  1871 | D:3      | Found Fazota's Jewellery Shoppe.
  2040 | D:3      | Killed from afar by an orc wizard

Illustrated notes

Levels and vault maps discovered:
D:1:      minmay_arrival_glassed_features, layout_loops_ring, serial_shops,
          shop, chequers_ecumenical_altar_grove
D:2:      layout_loops_cross, minivault_14
D:3:      layout_basic, serial_shops, nicolae_shop_back_alley_shop,
          ebering_ghost_rock_garden

Skill      XL: |  1  2  3  4 |
---------------+-------------+-----
Stealth        | 1 2 |  2.9
Fighting       | 2 |  2.2
Unarmed Combat | 4 |  4.3
Dodging        | |  2.8
Shapeshifting  | |  3.0

Action                     |  1- 3 |  4- 6 || total
---------------------------+-------+-------++-------
  Melee: Unarmed           |    33 |       ||    33
         Constrict         |     9 |    13 ||    22
         Tentacles         |     7 |    12 ||    19
         Quarterstaff      |    10 |    56 ||    66
         Punch             |       |     1 ||     1
   Stab: Sleeping          |     9 |     1 ||    10
 Armour: Skin              |    10 |    21 ||    31
  Dodge: Dodged            |    17 |    27 ||    44

Table legend: (Time is in decaauts)
 A = Elapsed time spent in this place.
 B = Non-inter-level travel time spent in this place.
 C = Inter-level travel time spent in this place.
 D = Time resting spent in this place.
 E = Time spent auto-exploring this place.
 F = Levels seen in this place.
 G = Mean time per level.
                   A        B        C        D        E       F      G
               +--------+--------+--------+--------+--------+-----+--------+
         Total |   2029 |   1866 |    163 |    197 |   1324 |   3 |  676.3 |
       Dungeon |   2029 |   1866 |    163 |    197 |   1324 |   3 |  676.3 |
               +--------+--------+--------+--------+--------+-----+--------+

Top non-repeatable levels by time:
     D:2: 738 daAuts
     D:1: 733 daAuts
     D:3: 557 daAuts
